AoeStats
← Action Cat

Hideout

510210503Analyzed
1v1 RM · 2d ago on Sep 30, 2026· 38m 46s· 2 players
Game mode
Random Map
Map size
Tiny (2 player)
Population
200
Speed
Normal
Resources
Standard
Victory
Conquest
Starting age
Dark Age
Ending age
Imperial Age
RankedLock teamsTeams togetherTeam positionsShared explorationLock speedFull tech treeHidden civsTurbo modeCheats
Victory
Defeat
🇨🇦 Danes · Canada
1051
+16
🇺🇸 Teutons · United States
1047
-16
Action Cat
11:13 Feudal Age
13:35 Loom
15:57 Castle Age
14:05 Double-Bit Axe
14:14 Horse Collar
18:37 Fletching
27:17 Loom
31:29 Bow Saw
32:37 Heavy Plow
33:14 Wheelbarrow
37:03 Imperial Age
35:26 Scale Mail Armor
39:01 Chemistry
bigdman rhino
7:19 Loom
9:36 Feudal Age
16:23 Castle Age
16:40 Wheelbarrow
16:08 Double-Bit Axe
16:05 Horse Collar
24:11 Hamask
26:54 Bow Saw
26:49 Heavy Plow
28:16 Fletching
35:31 Imperial Age
33:44 Scale Mail Armor
33:55 Forging
33:42 Bodkin Arrow
35:16 Chain Mail Armor
37:20 Capped Ram
38:19 Elite Jomsviking
39:35 Hoardings
39:22 Conscription
Connection lost

Rejoining the realm…

Still unreachable

The connection could not be restored.

Session expired

The server has moved on; the page needs a fresh start.